[Event "Titled Tuesday Blitz May 25 2021"]
[White "Corrales Jimenez, Fidel"]
[Black "zmeeed67"]
[WhiteFideId "3506690"]
[WhiteElo "2823"]
[BlackElo "2599"]
[Result "0-1"]
[Round "05"]
[TimeControl "180+1"]
[Date "2021.05.25"]
[WhiteClock "0:00:26"]
[BlackClock "0:00:17"]

1. e4 c5 2. Nf3 Nf6 3. e5 Nd5 4. Nc3 Nxc3 5. dxc3 Nc6 6. Bf4 e6 7. Qd2 Qc7 8. O-O-O h6 9. h4 b6 10. Rh3 Bb7 11. Rg3 O-O-O 12. h5 Ne7 13. Nh4 Nd5 14. c4 Nxf4 15. Qxf4 Be7 16. Rxg7 Bg5 17. Rxg5 hxg5 18. Qxg5 Rdg8 19. Qf4 Rxh5 20. Qxf7 Rhg5 21. f4 R5g7 22. Qh5 Qd8 23. Qh6 Rg4 24. Nf3 Rh8 25. Qf6 Qxf6 26. exf6 Bxf3 27. gxf3 Rxf4 28. Be2 Rxf6 29. Kd2 Rh2 30. Ke3 Rf5 31. Bd3 Rg5 32. a3 d5 33. b4 Kc7 34. bxc5 bxc5 35. cxd5 exd5 36. Kf4 Rg7 37. Bf5 Kd6 38. Re1 Rh6 39. Re8 Rf6 40. Rd8+ Kc6 41. Ke5 Rff7 42. Rxd5 Rxf5+ 43. Kxf5 Kxd5 44. Kf6 Rg3 45. f4 Rf3 46. f5 Ke4 47. Kg5 Rxf5+ 48. Kg4 Rf8 49. Kg3 Kd4 50. c4 Kc3 51. Kg4 Kxc4 52. Kg5 Kb3 53. Kg6 Kxa3 54. Kg7 Rf1 55. Kg6 c4 0-1


[Site "https://www.chess.com"]

[Event "Titled Tuesday Blitz May 25 2021"]
[White "Costachi, Mihnea"]
[Black "Abdusattorov, Nodirbek"]
[WhiteFideId "1217518"]
[BlackFideId "14204118"]
[WhiteElo "2479"]
[BlackElo "2662"]
[Result "0-1"]
[Round "05"]
[TimeControl "180+1"]
[Date "2021.05.25"]
[WhiteClock "0:00:03"]
[BlackClock "0:01:01"]

1. d4 Nf6 2. c4 c5 3. d5 e6 4. Nc3 exd5 5. cxd5 Bd6 6. Nf3 O-O 7. Bg5 Bc7 8. d6 Ba5 9. e3 Qb6 10. Bxf6 Qxb2 11. Qc1 Qxc1+ 12. Rxc1 gxf6 13. Bc4 b6 14. Bd5 Nc6 15. O-O Ba6 16. Rfd1 Rac8 17. Ne4 Kg7 18. Nh4 Be2 19. Bxc6 Rxc6 20. Nf5+ Kh8 21. Nxf6 Bxd1 22. Rxd1 Bc3 23. Nxd7 Re8 24. Ne7 Rxd6 25. Rxd6 Rxe7 26. Kf1 c4 27. Ke2 Kg7 28. f4 b5 29. Nc5 a5 30. Rc6 Bd4 31. e4 b4 32. e5 Re8 33. Ne4 b3 34. axb3 cxb3 35. Nd6 Rb8 36. Nf5+ Kf8 37. Rc1 b2 38. Rb1 a4 39. Nxd4 a3 40. Nc2 a2 41. Rd1 b1=Q 42. Rxb1 axb1=Q 43. Kd3 Rc8 0-1


[Site "https://www.chess.com"]

[Event "Titled Tuesday Blitz May 25 2021"]
[White "Csonka, Balazs"]
[Black "Koellner, Ruben Gideon"]
[WhiteFideId "742910"]
[BlackFideId "12993093"]
[WhiteElo "2404"]
[BlackElo "2511"]
[Result "0-1"]
[Round "05"]
[TimeControl "180+1"]
[Date "2021.05.25"]
[WhiteClock "0:00:03"]
[BlackClock "0:00:12"]

1. e4 d6 2. d4 Nf6 3. Nc3 e5 4. Nf3 Nbd7 5. Bc4 Be7 6. a4 c6 7. O-O h6 8. Re1 Qc7 9. b3 Nf8 10. Ba3 Ng6 11. h3 O-O 12. Qd2 b6 13. Rad1 a6 14. dxe5 dxe5 15. Bxe7 Qxe7 16. Qd6 Qxd6 17. Rxd6 b5 18. Bf1 Bb7 19. Red1 b4 20. Na2 Nxe4 21. Rd7 Nc5 22. Rc7 a5 23. Bc4 e4 24. Nd4 Rad8 25. c3 bxc3 26. Nxc3 Ne5 27. Bf1 f5 28. Nc2 Rxd1 29. Nxd1 Rf7 30. Rxf7 Kxf7 31. b4 axb4 32. Nxb4 Nxa4 33. Na2 Ke6 34. Be2 c5 35. Kf1 Bd5 36. Nac3 Nxc3 37. Nxc3 Nc6 38. Ke1 Ke5 39. Kd2 f4 40. h4 g5 41. hxg5 hxg5 42. Ba6 Nd4 43. Bc8 Nb3+ 44. Ke2 Kd4 45. Nb5+ Ke5 46. Nc3 c4 0-1


[Site "https://www.chess.com"]

[Event "Titled Tuesday Blitz May 25 2021"]
[White "Dang, Hoang Son"]
[Black "Pelopidass"]
[WhiteFideId "12402435"]
[WhiteElo "2248"]
[BlackElo "2532"]
[Result "0-1"]
[Round "05"]
[TimeControl "180+1"]
[Date "2021.05.25"]
[WhiteClock "0:00:05"]
[BlackClock "0:00:07"]

1. d4 Nf6 2. c4 e6 3. Nf3 Bb4+ 4. Bd2 Qe7 5. g3 Nc6 6. Bg2 Bxd2+ 7. Qxd2 Qb4 8. Nc3 Qxc4 9. O-O Qb4 10. e4 d5 11. exd5 Nxd5 12. Nxd5 exd5 13. Rfe1+ Be6 14. Qf4 O-O-O 15. a3 Qd6 16. Qg5 Rhg8 17. b4 h6 18. Qd2 Kb8 19. Rec1 Bf5 20. b5 Ne7 21. a4 Be4 22. a5 Ng6 23. Rc3 Rc8 24. Qb2 Qf6 25. Rac1 Bxf3 26. Rxf3 Qe6 27. Re3 Qd7 28. Rc5 Ne7 29. b6 cxb6 30. axb6 Rxc5 31. dxc5 Nc6 32. Rd3 d4 33. Qd2 Rd8 34. Qf4+ Ka8 35. Ra3 a6 36. Be4 Re8 37. Qf3 Re6 38. Kg2 g6 39. Bd5 Re7 40. Rxa6+ Kb8 41. Qf4+ Ne5 42. Bf3 bxa6 43. c6 Qd6 44. c7+ Kc8 45. Ba8 Qxb6 46. Qe4 Kxc7 47. Qd5 f5 48. Qg8 Qb8 49. Qd5 Qb6 50. Qg8 Nd7 51. Bf3 d3 52. Qc4+ Nc5 53. Qd5 Qd6 54. Qa8 d2 55. Qa7+ Kd8 56. Qa8+ Kd7 57. Qa7+ Ke6 58. Qa8 d1=Q 59. Qg8+ Kd7 60. Bxd1 Qxd1 61. Qa8 Qd6 62. Qa7+ Ke6 63. Qa8 Qd5+ 0-1


[Site "https://www.chess.com"]

[Event "Titled Tuesday Blitz May 25 2021"]
[White "Dowgird, Filip"]
[Black "Bok, Benjamin"]
[WhiteFideId "1121235"]
[BlackFideId "1017063"]
[WhiteElo "2209"]
[BlackElo "2674"]
[Result "0-1"]
[Round "05"]
[TimeControl "180+1"]
[Date "2021.05.25"]
[WhiteClock "0:00:03"]
[BlackClock "0:00:15"]

1. d4 Nf6 2. Nf3 d5 3. c3 c6 4. Bf4 Bf5 5. Nbd2 e6 6. Nh4 Bg6 7. Qb3 Qb6 8. Nxg6 hxg6 9. h3 Nbd7 10. e3 Be7 11. a4 O-O 12. a5 Qxb3 13. Nxb3 b5 14. Be2 a6 15. O-O Rfc8 16. Nd2 c5 17. dxc5 Nxc5 18. Be5 Nfd7 19. Bg3 Bd8 20. Rfb1 Bc7 21. Bxc7 Rxc7 22. Kf1 Kf8 23. Ke1 Ke7 24. Ra3 Ne5 25. b4 Na4 26. f4 Rxc3 27. Rxc3 Nxc3 28. fxe5 Nxb1 29. Nxb1 d4 30. e4 Rc8 31. Kd2 f6 32. exf6+ gxf6 33. Bd3 Kd6 34. Na3 Ke5 35. Nc2 Rc3 36. g3 Rb3 37. h4 f5 38. exf5 gxf5 39. Ke2 Rb2 40. Kd1 Rb1+ 41. Ke2 Rh1 42. Ne1 Kf6 43. Nf3 e5 44. Ng5 e4 45. Nxe4+ fxe4 46. Bxe4 Rh2+ 47. Kd3 Ke5 48. Bb7 Rh3 49. Bxa6 Rxg3+ 50. Ke2 Rb3 51. Bxb5 Rxb4 52. Bd3 Rb2+ 53. Kf3 Rb3 54. Ke2 Kf4 55. a6 Rb2+ 56. Kd1 Ke3 57. Bc2 d3 58. a7 dxc2+ 59. Kc1 Ra2 0-1


[Site "https://www.chess.com"]

[Event "Titled Tuesday Blitz May 25 2021"]
[White "Fernandez, Daniel Howard"]
[Black "Khumalo, Keith"]
[WhiteFideId "5801605"]
[BlackFideId "14319470"]
[WhiteElo "2784"]
[BlackElo "2570"]
[Result "1-0"]
[Round "05"]
[TimeControl "180+1"]
[Date "2021.05.25"]
[WhiteClock "0:00:54"]
[BlackClock "0:00:42"]

1. c4 c5 2. g3 Nc6 3. Bg2 g6 4. Nc3 Bg7 5. d3 d6 6. Bd2 e6 7. Nf3 Nge7 8. h4 h5 9. Qc1 b6 10. Rb1 Bb7 11. a3 d5 12. O-O Rc8 13. Bg5 O-O 14. cxd5 exd5 15. Bh6 Bxh6 16. Qxh6 Nf5 17. Qf4 Re8 18. e4 dxe4 19. dxe4 Nfd4 20. e5 Ne6 21. Qe3 Ncd4 22. Ne4 Bxe4 23. Qxe4 Nxf3+ 24. Qxf3 Nd4 25. Qe3 Qc7 26. f4 Rcd8 27. Kh2 Qd7 28. Rbd1 Qb5 29. Rd2 Nf5 30. Qc3 Rd4 31. Rfd1 Red8 32. Be4 Rxd2+ 33. Rxd2 Rxd2+ 34. Qxd2 Nd4 35. b4 Qc4 36. f5 Kg7 37. f6+ Kh7 38. bxc5 bxc5 39. Qb2 Qf1 40. Qb7 Qe2+ 41. Bg2 Qc4 42. Qxa7 Ne2 43. Qb7 Nd4 44. a4 Ne6 45. Qxf7+ Kh6 46. Qg8 1-0


[Site "https://www.chess.com"]

[Event "Titled Tuesday Blitz May 25 2021"]
[White "Gabrielian, Artur"]
[Black "Garcia Ramos, Daniel"]
[WhiteFideId "4131002"]
[BlackFideId "32010311"]
[WhiteElo "2774"]
[BlackElo "2571"]
[Result "1-0"]
[Round "05"]
[TimeControl "180+1"]
[Date "2021.05.25"]
[WhiteClock "0:00:10"]
[BlackClock "0:00:04"]

1. e4 c6 2. d4 d5 3. Nd2 dxe4 4. Nxe4 Nf6 5. Nxf6+ exf6 6. c3 Bd6 7. Bd3 Na6 8. Qc2 h5 9. Ne2 Nc7 10. O-O h4 11. h3 O-O 12. Bd2 Nd5 13. a3 b5 14. c4 bxc4 15. Qxc4 Bd7 16. Nc3 Nb6 17. Qa2 Be6 18. Qb1 Bc7 19. Ne2 Nd5 20. Qc2 Qd6 21. f4 Rfe8 22. Rac1 Bd7 23. Rf2 Re7 24. Qc5 Rae8 25. Qxd6 Bxd6 26. Nc3 Ne3 27. Re1 Nf5 28. Rxe7 Rxe7 29. Bxf5 Bxf5 30. Re2 Rd7 31. Re8+ Kh7 32. Be3 Bc7 33. Na4 Bd8 34. Nc5 Rd5 35. b4 g5 36. fxg5 fxg5 37. Re5 Rxe5 38. dxe5 Kg6 39. Kf2 Bc7 40. Nb7 a6 41. Nc5 Bc8 42. Bd4 Kf5 43. Ke3 Bxe5 44. Bxe5 Kxe5 45. Nd3+ Kd5 46. Nb2 f5 47. Kd3 f4 48. Nd1 Bf5+ 49. Kd2 Kd4 50. Nc3 f3 51. gxf3 Bxh3 52. Ne4 g4 53. Nf2 Ke5 54. fxg4 Bg2 55. Ke3 h3 56. Nd3+ Kd5 57. Kf2 Be4 58. Nf4+ Kc4 59. Nxh3 Kb3 60. Ke3 Bb1 61. Kd4 Kxa3 62. Kc3 Ka4 63. Nf4 a5 64. bxa5 Kxa5 65. Kd4 Kb4 66. Ne6 Kb5 67. g5 Bg6 68. Ke5 c5 69. Kf6 Bd3 70. Nf4 Bc2 71. Nd5 Kc6 72. Ne3 Be4 73. Ke5 Bd3 74. Nf5 c4 75. g6 c3 76. g7 Bc4 77. Nd4+ Kc5 78. Ne6+ Bxe6 79. Kxe6 Kb4 80. g8=Q Kb3 81. Qb8+ Kc2 82. Kd5 Kd2 83. Kd4 c2 84. Qh2+ Kc1 85. Kc3 Kb1 86. Qxc2+ Ka1 87. Qb2# 1-0


[Site "https://www.chess.com"]

[Event "Titled Tuesday Blitz May 25 2021"]
[White "Ghimpu, Samuel-Timotei"]
[Black "Jones, Gawain C B"]
[WhiteFideId "1238175"]
[BlackFideId "409561"]
[WhiteElo "2026"]
[BlackElo "2657"]
[Result "0-1"]
[Round "05"]
[TimeControl "180+1"]
[Date "2021.05.25"]
[WhiteClock "0:00:01"]
[BlackClock "0:00:12"]

1. b3 e5 2. Bb2 Nc6 3. c4 Nf6 4. Nc3 d5 5. cxd5 Nxd5 6. e3 Nxc3 7. Bxc3 Bd6 8. Nf3 Bd7 9. Be2 e4 10. Nd4 Nxd4 11. Bxd4 Qg5 12. g3 Be5 13. Bxe5 Qxe5 14. Rc1 Bh3 15. Qc2 O-O-O 16. Qc5 Qd6 17. Qxd6 Rxd6 18. Rg1 Be6 19. f3 Rhd8 20. Rc2 exf3 21. Bxf3 Bf5 22. Rb2 g6 23. d4 c5 24. dxc5 Rd3 25. Ke2 Rc3 26. Rd1 Rxd1 27. Kxd1 Rxe3 28. Be2 a5 29. Kd2 Re5 30. Bc4 f6 31. c6 bxc6 32. Kc3 Kc7 33. Rd2 h5 34. a3 h4 35. gxh4 Re3+ 36. Kb2 Rh3 37. Rg2 Rxh4 38. Bf7 Kd6 39. Bxg6 Bxg6 40. Rxg6 Rxh2+ 41. Kc3 Ke5 42. Rg8 Rh5 43. Rc8 Kd6 44. Kc4 Rh4+ 45. Kc3 a4 46. bxa4 Rxa4 47. Kb3 Rf4 48. a4 Kc5 49. Rf8 Rf3+ 50. Kb2 Kb4 51. Rc8 Rf2+ 52. Kc1 c5 53. a5 c4 54. a6 Ra2 55. Rc6 f5 56. Rf6 Kc3 57. Kb1 Ra5 58. a7 Kd3 59. Rxf5 Rxa7 60. Rf3+ Kd2 61. Rf2+ Ke3 62. Rh2 Kd3 63. Rh3+ Kd2 64. Rh2+ Kc3 65. Rh3+ Kb4 66. Kb2 Rg7 67. Rf3 Rg2+ 68. Kc1 Ra2 69. Kb1 Rd2 70. Kc1 Rh2 71. Rg3 Rh8 72. Rf3 Ra8 73. Rg3 c3 0-1


[Site "https://www.chess.com"]

[Event "Titled Tuesday Blitz May 25 2021"]
[White "Goltsev, Dmitry"]
[Black "Maiorov, Nikita"]
[WhiteFideId "24176710"]
[BlackFideId "13501720"]
[WhiteElo "2366"]
[BlackElo "2440"]
[Result "1-0"]
[Round "05"]
[TimeControl "180+1"]
[Date "2021.05.25"]
[WhiteClock "0:00:05"]
[BlackClock "0:00:01"]

1. e4 e5 2. Nf3 Nc6 3. Bb5 a6 4. Ba4 Nf6 5. O-O Be7 6. Re1 b5 7. Bb3 d6 8. c3 O-O 9. h3 Na5 10. Bc2 c5 11. d4 Nd7 12. d5 Nb6 13. Nbd2 Qc7 14. Nf1 Nb7 15. g4 Bd7 16. Ng3 g6 17. Bh6 Rfe8 18. b3 c4 19. b4 a5 20. a3 Kh8 21. Ng5 f6 22. Nf3 Nd8 23. Be3 Nf7 24. Qd2 Ra6 25. Reb1 Rea8 26. Qc1 Bf8 27. Kh2 Kg8 28. Nh4 Be7 29. Ng2 Ng5 30. Bd1 Nf7 31. h4 Qc8 32. bxa5 Na4 33. Bxa4 bxa4 34. f3 Rxa5 35. Qc2 Rb5 36. Rxb5 Bxb5 37. Rb1 Bd7 38. Rb4 Rb8 39. Qb2 Rxb4 40. Qxb4 Kg7 41. Bb6 Qa6 42. Ne3 Bb5 43. Qa5 Qxa5 44. Bxa5 Nd8 45. Ngf1 Nb7 46. Bb6 f5 47. gxf5 Bxh4 48. Nd2 Be1 49. Ndxc4 Bxc3 50. Bc7 Bd4 51. Bxd6 Nxd6 52. Nxd6 Bd7 53. Nc2 Bb2 54. fxg6 hxg6 55. Kg3 Kf6 56. Nc4 Bc3 57. Nb6 Bb5 58. Nc8 Bd7 59. Nd6 Ke7 60. Nb7 Kf6 61. Nc5 Bb5 62. Kf2 Be8 63. Ke3 Bb5 64. f4 exf4+ 65. Kxf4 g5+ 66. Ke3 g4 67. Nd3 g3 68. Nf4 Be5 69. Ng2 Bf1 70. Kf3 Bd3 71. Nce3 1-0


[Site "https://www.chess.com"]

[Event "Titled Tuesday Blitz May 25 2021"]
[White "Golubev, Mikhail"]
[Black "Rozen, Eytan"]
[WhiteFideId "14100983"]
[BlackFideId "2816750"]
[WhiteElo "2374"]
[BlackElo "1963"]
[Result "1-0"]
[Round "05"]
[TimeControl "180+1"]
[Date "2021.05.25"]
[WhiteClock "0:00:37"]
[BlackClock "0:00:02"]

1. e4 c5 2. Nf3 e6 3. d4 cxd4 4. Nxd4 a6 5. Bd3 Qc7 6. O-O Nf6 7. Qe2 Nc6 8. Nxc6 dxc6 9. e5 Nd7 10. Re1 Be7 11. c3 b5 12. Nd2 Bb7 13. a4 Rd8 14. Nf3 Nc5 15. Bc2 Nxa4 16. Bxa4 bxa4 17. Rxa4 c5 18. Rg4 g6 19. Bh6 Qc6 20. Bg7 Rg8 21. Bf6 h5 22. Rg3 Qd5 23. Bxe7 Kxe7 24. Qe3 Kd7 25. h4 Kc7 26. Ng5 Rd7 27. Rf3 Rf8 28. Nh7 Rfd8 29. Nf6 Qc4 30. Nxd7 Bxf3 31. Qxc5+ Qxc5 32. Nxc5 Bb7 33. Nxb7 Kxb7 34. Re4 Rd5 35. Rf4 Kc6 36. Rxf7 Rxe5 37. Rf6 Kd5 38. Rxg6 Kc4 39. Rg5 Re1+ 40. Kh2 Re2 41. Rxh5 Rxf2 42. Ra5 Rxb2 43. Rxa6 e5 44. h5 Rb7 45. Re6 Kd5 46. Rg6 Rh7 47. g4 Ke4 48. Kg3 Kd3 49. Rd6+ Kxc3 50. h6 e4 51. Kf4 Kc4 52. Kxe4 Kc5 53. Re6 Ra7 54. g5 1-0


[Site "https://www.chess.com"]

[Event "Titled Tuesday Blitz May 25 2021"]
[White "Gontcharov, Vladislav"]
[Black "Mirzoev, Azer"]
[WhiteFideId "4123492"]
[BlackFideId "13400304"]
[WhiteElo "2503"]
[BlackElo "2525"]
[Result "0-1"]
[Round "05"]
[TimeControl "180+1"]
[Date "2021.05.25"]
[WhiteClock "0:00:06"]
[BlackClock "0:00:12"]

1. Nf3 d5 2. g3 Nf6 3. Bg2 c6 4. O-O Bg4 5. d3 Nbd7 6. Qe1 e5 7. e4 dxe4 8. dxe4 Be7 9. h3 Bh5 10. Nh4 O-O 11. Nf5 Bc5 12. Be3 Qb6 13. Nc3 Bxe3 14. Qxe3 Rfd8 15. Qg5 Bg6 16. Ne7+ Kf8 17. Nxg6+ hxg6 18. b3 Qc5 19. Nd1 Qxc2 20. Ne3 Qc5 21. Rac1 Qb6 22. Nc4 Qc7 23. Rfd1 Kg8 24. h4 Re8 25. Bf3 Rad8 26. b4 Nf8 27. Rxd8 Qxd8 28. Nxe5 Ne6 29. Qe3 Nd4 30. Nc4 Nxf3+ 31. Qxf3 Rxe4 32. Ne3 Rxb4 33. Rd1 Rd4 34. Rb1 Qd7 35. Kg2 Rd2 36. a4 b6 37. a5 b5 38. Rc1 Rd6 39. Qf4 Nd5 40. Nxd5 Rxd5 41. a6 Rd6 42. Re1 Kh7 43. Qg5 c5 44. Re7 Qc6+ 45. f3 Qxa6 46. h5 Qa2+ 47. Kh3 Qb1 48. Rxf7 Qh1+ 49. Kg4 Qxh5+ 50. Qxh5+ gxh5+ 51. Kxh5 a5 52. Rc7 c4 53. f4 Rd5+ 54. Kh4 a4 55. g4 a3 56. f5 Kg8 57. Kg5 a2 58. Ra7 c3 59. Rxa2 Rc5 60. Kg6 Rc6+ 61. Kg5 c2 62. Ra8+ Kf7 63. Ra7+ Kf8 64. Ra8+ Ke7 65. Ra7+ Kd8 66. Ra8+ Rc8 67. Ra7 c1=Q+ 68. Kg6 Qh6+ 69. Kf7 Rc7+ 70. Rxc7 Kxc7 71. g5 Qxg5 72. Ke6 Qf6+ 73. Kd5 Qxf5+ 74. Kd4 g5 75. Ke3 g4 76. Ke2 g3 77. Ke3 g2 0-1


[Site "https://www.chess.com"]

[Event "Titled Tuesday Blitz May 25 2021"]
[White "Grochal, Joey"]
[Black "Cardoso Cardoso, Jose Gabriel"]
[WhiteFideId "1019945"]
[BlackFideId "4430492"]
[WhiteElo "2265"]
[BlackElo "2343"]
[Result "0-1"]
[Round "05"]
[TimeControl "180+1"]
[Date "2021.05.25"]
[WhiteClock "0:00:56"]
[BlackClock "0:00:37"]

1. d4 Nf6 2. c4 g6 3. Nc3 Bg7 4. e4 d6 5. h3 O-O 6. Bg5 Na6 7. Nf3 e5 8. d5 c6 9. g4 Bd7 10. Be2 cxd5 11. cxd5 Nc5 12. Nd2 b5 13. a3 a5 14. Nxb5 Bxb5 15. Bxb5 Qb6 16. Bxf6 Qxb5 17. Bxg7 Nd3+ 18. Kf1 Nf4+ 19. Kg1 Kxg7 20. b3 Qd3 21. Nf1 Qxe4 22. Ne3 Rac8 23. Qb1 Qf3 24. Qd1 Ne2+ 25. Kf1 Ng3+ 0-1


[Site "https://www.chess.com"]

[Event "Titled Tuesday Blitz May 25 2021"]
[White "Grunberg, Mihai-Lucian"]
[Black "Rustemov, Alexander"]
[WhiteFideId "1204149"]
[BlackFideId "4119002"]
[WhiteElo "2536"]
[BlackElo "2698"]
[Result "1-0"]
[Round "05"]
[TimeControl "180+1"]
[Date "2021.05.25"]
[WhiteClock "0:00:06"]
[BlackClock "0:00:12"]

1. Nf3 Nf6 2. c4 c6 3. g3 d5 4. Bg2 Bf5 5. O-O e6 6. d3 dxc4 7. dxc4 Qxd1 8. Rxd1 Bc2 9. Rd2 Bg6 10. Nc3 Bb4 11. Ne5 Nbd7 12. Nxg6 hxg6 13. Rc2 a5 14. b3 Ke7 15. Bb2 Nc5 16. e4 Rhd8 17. e5 Ng4 18. Ne4 Nd3 19. Bc3 Bxc3 20. Rxc3 Ngxe5 21. f4 Ng4 22. c5 Nf6 23. Nd6 Nxc5 24. Nxf7 Kxf7 25. Rxc5 Rd2 26. Re5 a4 27. Bh3 Rd6 28. Rae1 axb3 29. axb3 Re8 30. g4 Nd5 31. f5 Nf4 32. Bf1 gxf5 33. gxf5 Kf6 34. Bc4 b5 35. Bf1 Rd5 36. Rxd5 Nxd5 37. fxe6 Rxe6 38. Rc1 Ke5 39. Bg2 Kd4 40. Kf2 Rf6+ 41. Kg3 Nc3 42. Re1 Ne4+ 43. Rxe4+ Kc3 44. b4 Rd6 45. h4 Rg6+ 46. Rg4 Rd6 47. h5 Rh6 48. Kh4 Rd6 49. Rxg7 Kxb4 50. Rg6 Rd4+ 51. Rg4 Rxg4+ 52. Kxg4 Kc5 53. h6 b4 54. h7 Kd4 55. h8=Q+ 1-0


[Site "https://www.chess.com"]

[Event "Titled Tuesday Blitz May 25 2021"]
[White "Guimaraes, Diogo Duarte"]
[Black "Vetokhin, Savva"]
[WhiteFideId "2112450"]
[BlackFideId "44144474"]
[WhiteElo "2263"]
[BlackElo "2185"]
[Result "0-1"]
[Round "05"]
[TimeControl "180+1"]
[Date "2021.05.25"]
[WhiteClock "0:00:04"]
[BlackClock "0:01:37"]

1. e4 e5 2. Nf3 Nf6 3. Nxe5 d6 4. Nf3 Nxe4 5. Bd3 Nc5 6. Be2 Be7 7. d4 Ne6 8. O-O d5 9. Ne5 O-O 10. Nc3 c6 11. Be3 Nd7 12. f4 f5 13. Nxd7 Bxd7 14. Bd3 Qc7 15. Ne2 g6 16. g3 Bd6 17. Kh1 Rfe8 18. Ng1 c5 19. c3 Nxd4 20. Bxd4 cxd4 21. cxd4 Qb6 22. Nf3 Bb5 23. b3 Bxd3 24. Qxd3 Re4 25. Rfe1 Rae8 26. Ne5 Rxd4 27. Qf3 Bxe5 28. fxe5 Re4 29. Rxe4 dxe4 30. Qf4 Qd4 31. Rc1 Qxe5 32. Rc7 Qxf4 33. gxf4 e3 34. Rc1 e2 35. Re1 Re4 36. Kg2 Kf7 37. Kf3 Ke6 38. Rxe2 Rxe2 39. Kxe2 Kd5 40. Kd3 h6 41. h4 Ke6 42. Kd4 Kf6 43. Ke3 g5 44. hxg5+ hxg5 45. fxg5+ Kxg5 46. Kf3 f4 47. b4 Kf5 48. a4 Ke5 49. b5 Kd5 50. a5 Kc5 51. a6 b6 52. Kxf4 Kxb5 0-1


[Site "https://www.chess.com"]

[Event "Titled Tuesday Blitz May 25 2021"]
[White "Harutjunyan, Gevorg"]
[Black "AldokhinIvan"]
[WhiteFideId "13300873"]
[WhiteElo "2498"]
[BlackElo "2510"]
[Result "1-0"]
[Round "05"]
[TimeControl "180+1"]
[Date "2021.05.25"]
[WhiteClock "0:00:09"]
[BlackClock "0:00:03"]

1. e4 c5 2. Nc3 e6 3. Nf3 a6 4. d4 cxd4 5. Nxd4 Qc7 6. Qf3 Nc6 7. Be3 Nf6 8. O-O-O b5 9. e5 Bb7 10. Nxe6 dxe6 11. exf6 b4 12. Ne4 Rc8 13. fxg7 Bxg7 14. Nd6+ Kf8 15. Nxc8 Nd4 16. Rxd4 Bxf3 17. Rc4 Qxc4 18. Bxc4 Bd5 19. Bxd5 exd5 20. Rd1 Ke8 21. Rxd5 Rg8 22. Bb6 Bf6 23. g3 Rg4 24. f4 h5 25. Rxh5 Kd7 26. Rf5 Ke6 27. Rc5 Bd4 28. Rc6+ Kd5 29. Rd6+ Ke4 30. Rxd4+ Kf3 31. Rxb4 Rg6 32. b3 Rc6 33. Ne7 Rd6 34. Nf5 Rd5 35. Nd4+ Kg2 36. c4 Rd7 37. c5 f5 38. c6 Re7 39. c7 Re8 40. Nxf5 Re2 41. c8=Q Rxa2 42. Nh4+ Kh1 43. Qc6+ Rg2 44. Qxg2# 1-0


[Site "https://www.chess.com"]

[Event "Titled Tuesday Blitz May 25 2021"]
[White "Hasangatin, Ramil"]
[Black "Wong, Yinn Long"]
[WhiteFideId "4122160"]
[BlackFideId "5707684"]
[WhiteElo "2530"]
[BlackElo "2724"]
[Result "0-1"]
[Round "05"]
[TimeControl "180+1"]
[Date "2021.05.25"]
[WhiteClock "0:00:07"]
[BlackClock "0:00:11"]

1. e4 c6 2. Nf3 d5 3. d3 g6 4. g3 Bg7 5. Bg2 Bg4 6. O-O Nf6 7. h3 Bxf3 8. Qxf3 Nbd7 9. Re1 O-O 10. exd5 cxd5 11. c4 e6 12. Nc3 Nb6 13. c5 Nbd7 14. d4 Nb8 15. Bf4 Nc6 16. Qd3 b6 17. Bd6 Re8 18. a3 bxc5 19. dxc5 a5 20. Na4 Nd7 21. Rad1 Bf8 22. Bxf8 Rxf8 23. Qb5 Qc7 24. Rc1 Rfb8 25. Qe2 Rb3 26. Qd1 Rab8 27. Re2 R3b5 28. Rec2 Rb3 29. h4 Qe5 30. Re2 Qd4 31. Qxd4 Nxd4 32. Rd2 Nc6 33. h5 Kf8 34. h6 Ke7 35. Re1 Kd8 36. Bxd5 exd5 37. Rxd5 Kc7 38. Red1 Nf8 39. Rd6 Ne5 40. f4 Nc4 41. Rf6 Nxb2 42. Rxf7+ Kc6 43. Rd6+ Kb5 44. Nxb2 Rxb2 45. Rd1 Kxc5 46. f5 gxf5 47. Rxf5+ Kc4 48. Rxa5 Ng6 49. Rg5 Rb1 50. Rxb1 Rxb1+ 51. Kf2 Ra1 52. Kf3 Rxa3+ 53. Ke4 Ra1 54. Kf5 Rf1+ 55. Ke6 Nf8+ 56. Ke7 Ng6+ 57. Ke6 Rh1 58. Kf6 Rxh6 59. Kg7 Rh3 60. Rg4+ Kd5 61. Rg5+ Ke4 62. Ra5 Ne5 63. Ra4+ Kf5 64. Ra5 h5 65. Kh6 Ke4 66. Ra4+ Kf3 67. Rh4 Rxh4 68. gxh4 Kg4 69. Kg7 Kxh4 70. Kf6 Kg3 71. Kf5 h4 72. Kxe5 h3 73. Ke4 h2 74. Kf5 h1=Q 75. Kf6 Qf1+ 76. Kg7 Qa6 0-1


[Site "https://www.chess.com"]

[Event "Titled Tuesday Blitz May 25 2021"]
[White "Henderson de La Fuente, Lance"]
[Black "Reprintsev, Alexander"]
[WhiteFideId "32096585"]
[BlackFideId "14100541"]
[WhiteElo "2280"]
[BlackElo "2177"]
[Result "0-1"]
[Round "05"]
[TimeControl "180+1"]
[Date "2021.05.25"]
[WhiteClock "0:02:51"]
[BlackClock "0:02:52"]

1. e4 d5 2. Nc3 d4 3. Nce2 c5 4. Ng3 Qa5 5. Nf3 Nc6 6. a4 a6 7. Bc4 h5 8. h4 Bg4 9. O-O e6 10. Be2 Bd6 11. d3 Qc7 12. Nh1 Bxf3 13. Bxf3 Bh2# 0-1


[Site "https://www.chess.com"]

[Event "Titled Tuesday Blitz May 25 2021"]
[White "Herrera Reyes, Jose Antonio"]
[Black "Kamsky, Gata"]
[WhiteFideId "2274914"]
[BlackFideId "2000024"]
[WhiteElo "2578"]
[BlackElo "2821"]
[Result "0-1"]
[Round "05"]
[TimeControl "180+1"]
[Date "2021.05.25"]
[WhiteClock "0:00:14"]
[BlackClock "0:00:17"]

1. e4 c5 2. c3 Nf6 3. e5 Nd5 4. d4 cxd4 5. Nf3 Nc6 6. Bc4 Nb6 7. Bb3 d5 8. exd6 Qxd6 9. O-O Be6 10. Bxe6 Qxe6 11. cxd4 Qd7 12. Nc3 e6 13. Ne4 Be7 14. Nc5 Qc8 15. a4 O-O 16. a5 Nd5 17. Bg5 Bxg5 18. Nxg5 h6 19. Nge4 b6 20. axb6 axb6 21. Nb3 Rxa1 22. Qxa1 Rd8 23. Rc1 Qb7 24. Qa4 Nce7 25. Qb5 Nf4 26. f3 Qb8 27. g3 Nfd5 28. Nbd2 Nf5 29. Nb3 Qa7 30. g4 Nh4 31. Kf2 Qb8 32. Ng3 Qf4 33. Qe2 Nf6 34. h3 Qd6 35. Rc4 Nd5 36. Nd2 Ng6 37. Nde4 Qe7 38. Qc2 Ngf4 39. Rc8 Nxh3+ 40. Ke1 Qb4+ 41. Nd2 Qf8 42. Rxd8 Qxd8 43. Nde4 Nhf4 44. Qc6 Qe7 45. Nd6 Kh7 46. Qc2+ g6 47. Nde4 Qb4+ 48. Qd2 Nd3+ 49. Ke2 N5f4+ 50. Ke3 Qb3 51. Qc3 Nd5+ 52. Kxd3 Nxc3 53. bxc3 Qd1+ 54. Nd2 Kg7 55. Ne4 h5 56. gxh5 gxh5 57. Nf2 Qe1 58. Nde4 h4 59. c4 f5 60. Ng5 Qxf2 61. Nxe6+ Kh6 62. d5 Qxf3+ 63. Kd4 Qe4+ 64. Kc3 h3 0-1


[Site "https://www.chess.com"]

[Event "Titled Tuesday Blitz May 25 2021"]
[White "Holt, Conrad"]
[Black "Sawlin, Leonid"]
[WhiteFideId "2034387"]
[BlackFideId "4689542"]
[WhiteElo "2586"]
[BlackElo "2412"]
[Result "1-0"]
[Round "05"]
[TimeControl "180+1"]
[Date "2021.05.25"]
[WhiteClock "0:00:35"]
[BlackClock "0:00:55"]

1. d4 e6 2. c4 d5 3. Nc3 Nf6 4. cxd5 exd5 5. Bg5 c6 6. e3 Be7 7. Qc2 O-O 8. Bd3 Nbd7 9. Nge2 Re8 10. O-O h6 11. Bh4 Ne4 12. Bxe7 Qxe7 13. Rae1 Ndf6 14. f3 Nxc3 15. Nxc3 c5 16. Qf2 a6 17. e4 cxd4 18. Nxd5 Qd6 19. Qxd4 Nxd5 20. exd5 Bd7 21. Re4 Red8 22. Rfe1 Bf5 23. R4e3 Bxd3 24. Rxd3 Rd7 25. b4 Rad8 26. Red1 Rc7 27. Rc3 Rdc8 28. Rxc7 Rxc7 29. Re1 Rc8 30. a3 Rd8 31. g3 Kf8 32. Rd1 Rc8 33. Rd2 b5 34. Kg2 Rc4 35. Qe3 h5 36. Re2 g6 37. Qh6+ Kg8 38. Re8+ 1-0


[Site "https://www.chess.com"]